 Dungeon Crawl Stone Soup version 0.29-a0-231-g945431f764 (webtiles) character file.

Game seed: 3195857636609968756

448 Murumi the Skirmisher (level 7, -3/75 HPs)
             Began as an Ogre Delver on Feb 25, 2022.
             Slain by an ogre
             ... wielding a +0 giant club
              (13 damage)
             ... on level 5 of the Dungeon on Feb 28, 2022.
             The game lasted 00:18:39 (6613 turns).

Murumi the Skirmisher (Ogre Delver)                 Turns: 6613, Time: 00:18:40

Health: -3/75      AC:  4    Str: 17    XL:     7   Next: 4%
Magic:  7/7        EV: 10    Int: 13    God:
Gold:   250        SH:  0    Dex: 10    Spells: 6/6 levels left

rFire   . . .      SeeInvis .   i - +0 giant club
rCold   . . .      Faith    +   (shield currently unavailable)
rNeg    . . .      Spirit   .   b - +0 robe
rPois   .          Reflect  .   (helmet restricted)
rElec   .          Harm     .   j - +0 cloak
rCorr   +          Rampage  .   (gloves unavailable)
Will    .....                   (boots unavailable)
Stlth   ++........              f - amulet of faith
HPRegen 0.22/turn               e - ring of resist corrosion
MPRegen 0.10/turn               (no ring)

@: no status effects
A: large, unfitting armour, tough skin 1
a: no special abilities


You were on level 5 of the Dungeon.
You visited 1 branch of the dungeon, and saw 5 of its levels.

You collected 250 gold pieces.

Inventory:

Hand Weapons
 i - a +0 giant club (weapon)
 o - a +0 whip of freezing
Missiles
 a - 6 boomerangs
 h - 140 stones (quivered)
 p - a poisoned dart
Armour
 b - a +0 robe (worn)
 j - a +0 cloak (worn)
Jewellery
 e - a ring of resist corrosion (left hand)
 f - an amulet of faith (around neck)
Wands
 g - a wand of digging (10)
 n - a wand of flame (4)
Scrolls
 c - 2 scrolls of fog
 d - a scroll of magic mapping
 q - a scroll of summoning
Potions
 k - a potion of attraction
 l - 2 potions of curing
 m - 2 potions of might
 r - a potion of brilliance {unknown}
 s - a potion of degeneration {unknown}


   Skills:
 - Level 6.0 Fighting
 - Level 3.0 Maces & Flails
 + Level 3.7 Throwing
 - Level 1.0 Armour
 - Level 3.0 Dodging
 - Level 4.0 Stealth
 - Level 1.0 Evocations


You had 6 spell levels left.
You didn't know any spells.
Your spell library was empty.

Dungeon Overview and Level Annotations

Branches:
Dungeon (5/15)
 Temple: D:4-7

Altars:
The Shining One

Annotations:
D:5 Edmund


Innate Abilities, Weirdness & Mutations

You are too large for most types of armour.
You have tough skin. (AC +1)


Message History

The iguana is heavily wounded.
You hit the iguana.
The iguana seems to slow down.
You freeze the iguana.
The iguana is almost dead.
The iguana bites you but does no damage.
You closely miss the iguana.
The iguana is almost dead.
The iguana bites you!
You closely miss the iguana.
The iguana is almost dead.
You barely miss the iguana.
The iguana is almost dead.
The iguana barely misses you.
You closely miss the iguana.
The iguana is almost dead.
You hit the iguana.
The iguana seems to slow down.
You freeze the iguana.
You kill the iguana!
You have reached level 7!
You hit the orc. You freeze the orc.
The orc is heavily wounded.
The orc hits you with a +0 hand axe.
You hit the orc. You freeze the orc.
You kill the orc!
HP restored.
Things that are here:
a +0 hand axe; an iguana corpse You now have 250 gold pieces (gained 8).
An ogre comes into view. It is wielding a +0 giant club.
Your +0 whip of freezing stops glowing.
i - a +0 giant club (weapon)
You barely miss the ogre. The ogre hits you with a +0 giant club.
You barely miss the ogre.
The ogre hits you with a +0 giant club!!
The ogre hits you with a +0 giant club!
You closely miss the ogre. The ogre hits you with a +0 giant club!
You are too injured to fight recklessly!
You barely miss the ogre.
The ogre hits you with a +0 giant club!!
* * * LOW HITPOINT WARNING * * *
You barely miss the ogre. The ogre hits you with a +0 giant club!
You die...

.#####.#
..####.###.###
..W...<.@..$.l
.##
..###.####.###
... #. ..##...#
#. #.##...# #.
# #.##...# #.
#.######.##...#
#.
#.O@..........#
#.
########.###.##
..#####.###.#
#...........#
#######.###.#
#.# #.# #.# #.#
#.# #.# #.# #.#


You could see an ogre.

Vanquished Creatures
  An ogre (D:4)
  A jelly (D:4)
  Crazy Yiuf (D:2)
  An orc priest (D:4)
  2 iguanas
  Ijyb (D:3)
  Natasha (thrice) (D:3)
  Robin (D:2)
  4 adders
  3 dart slugs
  3 orcs
  3 ball pythons
  A bat (D:1)
  3 endoplasms
  4 giant cockroaches (D:1)
  12 goblins
  11 hobgoblins
  3 kobolds
  5 quokkas
  5 frilled lizards (D:1)
  4 rats
72 creatures vanquished.

Vanquished Creatures (collateral kills)
  A worm (D:3)
1 creature vanquished.

Grand Total: 73 creatures vanquished

Notes
Turn   | Place    | Note
-------+----------+-------------------------------------------
     0 | D:5      | Murumi the Ogre Delver began the quest for the Orb.
     0 | D:5      | Reached XP level 1. HP: 24/24 MP: 1/1
    53 | D:4      | Noticed an ogre
   102 | D:4      | Upgraded the game from 0.29-a0-218-gf2abdc9806 to
                  | 0.29-a0-231-g945431f764
   447 | D:2      | Noticed Robin
   722 | D:2      | Reached XP level 2. HP: 31/32 MP: 2/2
  1160 | D:1      | Reached skill level 1 in Armour
  1343 | D:1      | Reached XP level 3. HP: 38/39 MP: 3/3
  1622 | D:1      | Reached skill level 1 in Evocations
  2158 | D:2      | HP: 1/39 [poisoned by an adder]
  2448 | D:2      | Killed Robin
  2449 | D:2      | Reached skill level 1 in Throwing
  2617 | D:2      | Reached XP level 4. HP: 32/48 MP: 4/4
  3075 | D:2      | Found a runed translucent door.
  3076 | D:2      | Noticed Crazy Yiuf
  3114 | D:2      | Found a glowing golden altar of the Shining One.
  3195 | D:2      | Killed Crazy Yiuf
  3196 | D:2      | Reached skill level 5 in Fighting
  3584 | D:3      | Reached XP level 5. HP: 49/57 MP: 5/5
  3897 | D:3      | Noticed Ijyb
  3933 | D:3      | Killed Ijyb
  4151 | D:3      | Noticed Natasha
  4461 | D:3      | Killed Natasha
  4635 | D:3      | Noticed Natasha
  4649 | D:3      | Killed Natasha
  4989 | D:3      | Noticed Natasha
  4995 | D:3      | Killed Natasha
  4996 | D:3      | Reached skill level 6 in Fighting
  4996 | D:3      | Reached XP level 6. HP: 59/67 MP: 6/6
  6276 | D:5      | Noticed Edmund
  6452 | D:5      | Reached XP level 7. HP: 61/75 MP: 7/7
  6613 | D:5      | Slain by an ogre

Illustrated notes

Levels and vault maps discovered:
D:1:      lightli_arrival_quake, layout_loops_cross
D:2:      layout_basic, basic_altar, uniq_crazy_yiuf_cottage, uniq_robin
D:3:      layout_loops_ring, uniq_ijyb, uniq_natasha
D:4:      layout_basic
D:5:      layout_loops_ring, minmay_temple_entry_butterflies, uniq_pikel,
          uniq_edmund, uniq_duvessa, uniq_grinder

Skill      XL: |  1  2  3  4  5  6 |
---------------+-------------------+-----
Maces & Flails | 2 3 |  3.0
Dodging        | 2 3 |  3.0
Stealth        | 4 |  4.0
Armour         | 1 |  1.0
Evocations     | 1 |  1.0
Throwing       | 1 2 3 |  3.7
Fighting       | 5 6 |  6.0

Action                   |  1- 3 |  4- 6 |  7- 9 || total
-------------------------+-------+-------+-------++-------
Melee: Mace              |   132 |   112 |       ||   244
       Punch             |     1 |     1 |       ||     2
       Whip              |       |    43 |     2 ||    45
       Giant club        |       |       |     5 ||     5
Throw: Stone             |    18 |    77 |       ||    95
       Boomerang         |       |     8 |       ||     8
       Dart              |       |     3 |       ||     3
  Use: Scroll            |     4 |     5 |       ||     9
       Potion            |     4 |       |       ||     4
 Stab: Sleeping          |     6 |     6 |       ||    12
Armor: Robe              |    27 |    35 |       ||    62
Dodge: Dodged            |    57 |    76 |       ||   133

Table legend: (Time is in decaauts)
 A = Elapsed time spent in this place.
 B = Non-inter-level travel time spent in this place.
 C = Inter-level travel time spent in this place.
 D = Time resting spent in this place.
 E = Time spent auto-exploring this place.
 F = Levels seen in this place.
 G = Mean time per level.
                   A        B        C        D        E       F      G
               +--------+--------+--------+--------+--------+-----+--------+
         Total |   6674 |   6223 |    451 |    716 |   4511 |   5 | 1334.8 |
       Dungeon |   6674 |   6223 |    451 |    716 |   4511 |   5 | 1334.8 |
               +--------+--------+--------+--------+--------+-----+--------+

Top non-repeatable levels by time:
     D:2: 2049 daAuts
     D:3: 1885 daAuts
     D:4: 1317 daAuts
     D:1: 1194 daAuts
     D:5: 227 daAuts
